 Dungeon Crawl Stone Soup version 0.31-a0-1611-g890cdf5628 (webtiles) character file.

Game seed: 8300104782788973745

28839 anacleto the Metamorph (level 13, -4/141 HPs)
             Began as a Troll Shapeshifter on Jan 8, 2024.
             Was a Priest of the Shining One.
             Slain by a minotaur
             ... wielding the +3 glaive "Newtslayer" {flame, rF+}
              (14 damage)
             ... in a Gauntlet on Jan 9, 2024.
             The game lasted 00:42:39 (12693 turns).

anacleto the Metamorph (Troll Shapeshifter)        Turns: 12693, Time: 00:42:40

Health: -4/141     AC: 13    Str: 34    XL:     13   Next: 11%
Magic:  12/14      EV: 10    Int:  6    God:    the Shining One [***...]
Gold:   1134       SH:  7    Dex:  9    Spells: 12/12 levels left

rFire   . .          .
                       - Unarmed
rCold   . . .        (shield currently unavailable)
rNeg    + + .        U - melded +0 troll leather armour
rPois   +            a - melded +3 hat of Pondering {ponderous, Will+ MP+10 Int+5}
rElec   .            (cloak currently unavailable)
rCorr   .            (gloves unavailable)
SInv    .            (boots unavailable)
Will    .....        (no amulet)
Stlth   +            j - ring of flight
HPRegen 1.23/turn    F - ring of positive energy
MPRegen 0.14/turn

%: no teleportation
@: divinely shielded, snake-form, flying, glowing
A: constrict, boosted hp, large, unfitting armour, (claws 3), regeneration 1,
(shaggy fur 1), (tough skin 1)
a: Begin Untransformation, Renounce Religion, Divine Shield, Cleansing Flame


You were in a Gauntlet.
You worshipped the Shining One.
The Shining One was most pleased with you.
You were an enormous serpent.
You visited 2 branches of the dungeon, and saw 14 of its levels.
You also visited: Sewer, Bailey and Gauntlet.

You collected 1134 gold pieces.

Inventory:

Missiles
 o - 35 poisoned darts
 y - 31 boomerangs (quivered)
 z - 15 large rocks
 Q - 4 curare-tipped darts
Armour
 a - the +3 hat of Pondering (melded) {ponderous, Will+ MP+10 Int+5}
   (You took it off Gastronok on level 12 of the Dungeon)

   Int+5:     It affects your intelligence (+5).
   Will+:     It increases your willpower.
   MP+10:     It affects your magic capacity (+10).
 U - a +0 troll leather armour (melded)
Jewellery
 d - a ring of flight
 j - a ring of flight (left hand)
 q - a ring of resist corrosion
 F - a ring of positive energy (right hand)
Talismans
 c - a beast talisman
 I - a serpent talisman (active)
Wands
 J - a wand of paralysis (11)
 N - a wand of iceblast (2)
 P - a wand of flame (19)
 R - a wand of light (3)
Scrolls
 e - 3 scrolls of poison
 f - a scroll of enchant weapon {unknown}
 g - a scroll of acquirement {unknown}
 h - 4 scrolls of enchant armour
 l - 2 scrolls of revelation
 m - 13 scrolls of teleportation
 p - 2 scrolls of vulnerability {unknown}
 t - a scroll of fog {unknown}
 u - a scroll of silence {unknown}
 x - a scroll of summoning {unknown}
 A - 5 scrolls of blinking
 B - 3 scrolls of fear {unknown}
 C - 2 scrolls of noise {unknown}
 H - a scroll of brand weapon {unknown}
 L - a scroll of torment {unknown}
 O - a scroll of amnesia
 T - a scroll of immolation
Potions
 b - 3 potions of lignification
 i - 6 potions of attraction
 k - 2 potions of ambrosia {unknown}
 n - 3 potions of magic {unknown}
 r - 3 potions of cancellation
 s - 7 potions of curing
 v - 3 potions of haste
 w - 5 potions of heal wounds {unknown}
 D - 3 potions of brilliance
 E - 4 potions of degeneration {unknown}
 G - 8 potions of might {unknown}
 K - a potion of resistance {unknown}
 M - 2 potions of enlightenment {unknown}
 S - a potion of invisibility {unknown}


   Skills:
 - Level 5.3 Fighting
 - Level 2.8 Throwing
 - Level 3.5 Armour
 - Level 4.0 Dodging
 - Level 3.7 Shields
 - Level 7.1 Unarmed Combat
 - Level 3.8 Invocations
 + Level 17.0 Shapeshifting


You had 12 spell levels left.
You didn't know any spells.
Your spell library contained the following spells:

 Spells                   Type           Power      Damage    Failure   Level
 Magic Dart               Conj           0%         1d3       45%         1
 Sandblast                Erth           0%         2d4       45%         1
 Searing Ray              Conj           0%         2d4       58%         2
 Static Discharge         Conj/Air       0%         3-3/arc   58%         2
 Dazzling Flash           Conj/Hex       0%         N/A       83%         3
 Gell's Gravitas          Tloc           0%         N/A       83%         3
 Mephitic Cloud           Conj/Alch/Air  0%         N/A       83%         3
 Passwall                 Erth           0%         N/A       83%         3
 Stone Arrow              Conj/Erth      0%         3d7       83%         3
 Teleport Other           Tloc           0%         N/A       83%         3
 Airstrike                Air            0%         2d(0-16)  99%         4
 Brom's Barrelling Bould  Conj/Erth      0%         2d3       99%         4
 Fulminant Prism          Conj/Alch      0%         3d5       99%         4
 Summon Lightning Spire   Summ/Air       0%         N/A       99%         4
 Curse of Agony           Necr           0%         N/A       100%        5
 Iskenderun's Battlesphe  Conj           0%         2d6       100%        5
 Silence                  Hex/Air        0%         N/A       100%        5
 Bombard                  Conj/Erth      0%         9d1       100%        6
 Dispersal                Tloc           0%         N/A       100%        6
 Spellforged Servitor     Conj/Summ      0%         N/A       100%        7


Dungeon Overview and Level Annotations

Branches:
Dungeon (13/15)            Temple (1/1) D:5            Lair (0/5) D:10
    Orc (0/2) D:9           Sewer (visited)          Bailey (visited)
Gauntlet (1/1)
 Vaults: D:13-14

Altars:
Ashenzari
Cheibriados
Dithmenos
Elyvilon
Fedhas
Gozag
Hepliaklqana
Kikubaaqudgha
Makhleb
Nemelex Xobeh
Okawaru
Qazlal
Ru
Sif Muna
Trog
Uskayaw
Vehumet
Wu Jian
Xom
Yredelemnul
Zin
The Shining One

Shops:
D:6 [   D:8 :   D:11 (

Annotations:
D:5 1 runed translucent door, Crazy Yiuf Gauntlet 7 transporters


Innate Abilities, Weirdness & Mutations

You are an enormous serpent.
You have a powerful constriction melee attack.
Your maximum health is increased.
Your armour is entirely melded.
You are incapable of wielding weapons or throwing items.
You are too large for most types of armour.
((You have claws for hands.))
Your natural rate of healing is unusually fast.
((You are covered in fur. (AC +1)))
((You have tough skin. (AC +1)))


Message History

The minotaur bellows!
The minotaur throws a javelin.
The javelin pierces through you!!
Found a quarterstaff.
Found a gate leading back out of this place.
A divine shield forms around you!
The minotaur unwields the +6 arbalest "Docvoff" {drain, Stlth+}.
The minotaur wields the +3 glaive "Newtslayer" {flame, rF+}.
It bursts into flame!
The minotaur hits you with the +3 glaive "Newtslayer" {flame, rF+}!
The minotaur burns you! The minotaur barely misses you.
You lash the minotaur! You grab the minotaur.
The minotaur is lightly wounded.
You constrict the minotaur, but do no damage.
The minotaur hits you but does no damage.
The minotaur gores you!
You hit the minotaur but do no damage.
The minotaur is lightly wounded.
You constrict the minotaur, but do no damage.
The minotaur barely misses you.
The minotaur gores you but does no damage.
You lash the minotaur!
The minotaur is moderately wounded.
You constrict the minotaur.
The minotaur hits you with the +3 glaive "Newtslayer" {flame, rF+}!
The minotaur burns you. You block the minotaur's attack.
You hit the minotaur.
The minotaur is moderately wounded.
You constrict the minotaur!
The minotaur hits you with the +3 glaive "Newtslayer" {flame, rF+}!!
The minotaur burns you. The minotaur gores you!
* * * LOW HITPOINT WARNING * * *
You hit the minotaur.
The minotaur is heavily wounded.
You constrict the minotaur.
The minotaur hits you with the +3 glaive "Newtslayer" {flame, rF+}!!
* * * LOW HITPOINT WARNING * * *
The minotaur burns you.
* * * LOW HITPOINT WARNING * * *
The minotaur gores you!
You die...

###### #.##.##
###.....#
#∩##.##.#
#H##.##.##
#.#......#
#.###.##.#
#.##.#'###S##.#
.........H....#
##.##.##.##.###
.##.##.##.###
............#
#.##.##.##.##
##.##.##.##.#
............#
...©.©.©...##


You could see a minotaur.

Vanquished Creatures
  Gastronok (D:12)
  Kirke (D:11)
  An orc warlord (Bailey)
  Fannar (D:12)
  A hydra (D:12)
  A two-headed ogre (D:11)
  A boulder beetle (D:11)
  A centaur warrior (D:8)
  A thrashing horror (Gauntlet)
  Sonja (D:10)
  A necromancer (Gauntlet)
  A manticore (D:13)
  3 cyclopes
  Joseph (D:7)
  3 unseen horrors (D:11)
  A gargoyle (D:12)
  Psyche (D:11)
  2 kobold demonologists (D:12)
  5 komodo dragons
  A tengu conjurer (D:8)
  4 trolls
  Grinder (D:5)
  Sigmund (D:5)
  A wraith (D:12)
  3 wyverns (D:10)
  25 yaks
  A steam dragon (D:9)
  A basilisk (D:11)
  2 vampire mosquitoes (D:8)
  2 acid dragons
  2 swamp worms (Gauntlet)
  3 water moccasins
  9 orc warriors
  2 sky beasts
  2 black bears
  2 ogres
  6 wolves (Gauntlet)
  4 centaurs
  2 phantoms
  4 kobold brigands
  6 bullfrogs
  Blork the orc (D:5)
  2 gnoll sergeants
  2 small abominations (Gauntlet)
  4 scorpions
  7 killer bees
  5 howler monkeys
  A bombardier beetle (D:5)
  4 jellies
  8 orc priests
  3 hounds
  2 sleepcaps
  3 gnoll boudas
  Ijyb (D:5)
  3 iguanas
  7 orc wizards
  Natasha (thrice) (D:3)
  18 gnolls
  22 adders
  A shadow imp (D:6)
  A white imp (D:8)
  2 ufetubi (D:6)
  13 dart slugs
  4 ribbon worms
  48 orcs
  21 ball pythons
  6 endoplasms
  6 giant cockroaches
  10 goblins
  4 hobgoblins
  A jackal (D:4)
  21 kobolds
  3 quokkas
  5 bats
  10 frilled lizards
  4 rats (D:2)
368 creatures vanquished.

Vanquished Creatures (others)
  A yak (D:11)
  A human (D:12)
  A rat (D:2)
3 creatures vanquished.

Grand Total: 371 creatures vanquished

Notes
Turn   | Place    | Note
-------+----------+-------------------------------------------
     0 | D:1      | anacleto the Troll Shapeshifter began the quest for the
                  | Orb.
     0 | D:1      | Reached XP level 1. HP: 18/18 MP: 0/0
    80 | D:1      | Reached skill level 1 in Fighting
   163 | D:1      | Reached XP level 2. HP: 27/27 MP: 1/1
   785 | D:2      | Reached XP level 3. HP: 33/33 MP: 2/2
  1290 | D:3      | Reached XP level 4. HP: 42/42 MP: 3/3
  1359 | D:3      | Noticed Natasha
  1366 | D:3      | Killed Natasha
  1496 | D:3      | Reached XP level 5. HP: 48/49 MP: 4/4
  1498 | D:3      | Reached skill level 1 in Armour
  1498 | D:3      | Reached skill level 1 in Shields
  1600 | D:3      | Noticed Natasha
  1606 | D:3      | Killed Natasha
  1745 | D:3      | Reached skill level 1 in Invocations
  1761 | D:3      | Noticed Natasha
  1767 | D:3      | Killed Natasha
  2211 | D:4      | Reached XP level 6. HP: 31/59 MP: 5/5
  2426 | D:4      | Found a glowing drain.
  2438 | Sewer    | Entered a sewer
  3335 | D:4      | Reached XP level 7. HP: 59/67 MP: 7/7
  3616 | D:4      | Found an ancient bone altar of Kikubaaqudgha.
  3616 | D:4      | Found a burning altar of Makhleb.
  3743 | D:4      | Reached skill level 5 in Unarmed Combat
  3842 | D:4      | Reached skill level 4 in Shapeshifting
  4018 | D:4      | Found a sacrificial altar of Ru.
  4023 | D:4      | Found a glowing silver altar of Zin.
  4411 | D:5      | Entered Level 5 of the Dungeon
  4430 | D:5      | Noticed Ijyb
  4439 | D:5      | Killed Ijyb
  4440 | D:5      | Reached XP level 8. HP: 76/76 MP: 8/8
  4480 | D:5      | Noticed Sigmund
  4483 | D:5      | Killed Sigmund
  4560 | D:5      | Reached skill level 1 in Throwing
  4733 | D:5      | Found a broken altar of Ashenzari.
  5026 | D:5      | Found a runed translucent door.
  5027 | D:5      | Noticed Crazy Yiuf
  5084 | D:5      | Noticed Blork the orc
  5091 | D:5      | Killed Blork the orc
  5215 | D:5      | Noticed Grinder
  5221 | D:5      | Killed Grinder
  5337 | D:5      | Found a staircase to the Ecumenical Temple.
  5360 | Temple   | Entered the Ecumenical Temple
  5367 | Temple   | Became a worshipper of the Shining One
  5744 | D:6      | Reached XP level 9. HP: 78/85 MP: 10/10
  6116 | D:6      | Found a shimmering blue altar of Sif Muna.
  6143 | D:6      | Found a snail-covered altar of Cheibriados.
  6240 | D:6      | Found Susmau's Antique Armour Shop.
  6284 | D:6      | Reached * piety under the Shining One
  6499 | D:7      | Reached skill level 5 in Fighting
  6538 | D:7      | Reached skill level 5 in Shapeshifting
  6645 | D:7      | Found a flagged portal.
  6662 | Bailey   | Entered a bailey
  6817 | Bailey   | Noticed an orc warlord
  6971 | Bailey   | Found a runed translucent gate.
  6976 | Bailey   | Found a runed translucent gate.
  6977 | Bailey   | Found a runed translucent gate.
  7231 | Bailey   | Killed an orc warlord
  7232 | Bailey   | Reached skill level 6 in Shapeshifting
  7232 | Bailey   | Reached XP level 10. HP: 96/96 MP: 11/11
  7294 | Bailey   | Reached skill level 11 in Shapeshifting
  7294 | Bailey   | Reached XP level 11. HP: 104/104 MP: 12/12
  7537 | D:7      | Noticed Joseph
  7545 | D:7      | Killed Joseph
  7863 | D:8      | Reached ** piety under the Shining One
  8121 | D:8      | Found Xyatweur's Book Emporium.
  8133 | D:8      | Noticed a centaur warrior
  8142 | D:8      | Killed a centaur warrior
  8143 | D:8      | Reached skill level 12 in Shapeshifting
  8766 | D:9      | Found a staircase to the Orcish Mines.
  8797 | D:9      | Reached skill level 13 in Shapeshifting
  9521 | D:10     | Entered Level 10 of the Dungeon
  9705 | D:10     | Found a staircase to the Lair.
  9881 | D:10     | Reached skill level 14 in Shapeshifting
  9883 | D:10     | Reached XP level 12. HP: 85/111 MP: 13/13
  9943 | D:10     | Found Itafo's Distillery.
 10003 | D:10     | Noticed Sonja
 10016 | D:10     | Killed Sonja
 10540 | D:11     | Found Duomarch's Weapon Boutique.
 10540 | D:11     | Noticed a two-headed ogre
 10560 | D:11     | Killed a two-headed ogre
 10561 | D:11     | Reached skill level 15 in Shapeshifting
 10862 | D:11     | Noticed Psyche
 10862 | D:11     | Noticed a boulder beetle
 10867 | D:11     | Killed Psyche
 11107 | D:11     | Killed a boulder beetle
 11412 | D:12     | Noticed Kirke
 11421 | D:12     | Noticed a sphinx
 11427 | D:11     | Killed Kirke
 11488 | D:11     | Reached skill level 16 in Shapeshifting
 11669 | D:12     | Noticed a seven-headed hydra
 11674 | D:12     | Noticed Gastronok
 11676 | D:12     | Killed a seven-headed hydra
 11696 | D:12     | Killed Gastronok
 11929 | D:12     | Noticed Fannar
 11949 | D:12     | Killed Fannar
 12257 | D:13     | Reached XP level 13. HP: 115/118 MP: 14/14
 12289 | D:13     | Found a gate leading to a gauntlet.
 12298 | Gauntlet | Entered a Gauntlet
 12298 | Gauntlet | Reached *** piety under the Shining One
 12298 | Gauntlet | Found a transporter.
 12298 | Gauntlet | Found a transporter.
 12382 | Gauntlet | Found a transporter.
 12382 | Gauntlet | Found a transporter.
 12383 | Gauntlet | Found a transporter.
 12384 | Gauntlet | Found a transporter.
 12398 | Gauntlet | Found a transporter.
 12425 | Gauntlet | Found a transporter.
 12425 | Gauntlet | Found a transporter.
 12477 | Gauntlet | Found a transporter.
 12513 | Gauntlet | Found a transporter.
 12577 | Gauntlet | Found a transporter.
 12584 | Gauntlet | Reached skill level 17 in Shapeshifting
 12622 | Gauntlet | Identified the +4 shortbow of Odeifroi {freeze, rElec
                  | Dex+3}
 12628 | Gauntlet | Found a transporter.
 12681 | Gauntlet | Identified the +6 arbalest "Docvoff" {drain, Stlth+}
 12681 | Gauntlet | Identified the +3 glaive "Newtslayer" {flame, rF+}
 12681 | Gauntlet | Noticed a minotaur
 12693 | Gauntlet | Slain by a minotaur

Illustrated notes

Levels and vault maps discovered:
D:1:      lightli_arrival_lavapool, layout_basic
D:2:      layout_rooms, st_stairs_4, minmay_strange_pillars
D:3:      layout_basic, minmay_snake_closets, uniq_natasha
D:4:      minmay_opposing_rooms, layout_basic, jmf_multi_god_temple,
          amethyst_overflow_temple_binary, portal_sewer_entry_d, st_stairs_11,
          kennysheep_orc_chapel
D:5:      layout_basic, cheibrodos_ashenzari_chains, temple_pool_b,
          serial_bayou_crossing, uniq_sigmund, uniq_grinder, uniq_blork_the_orc,
          uniq_ijyb, uniq_crazy_yiuf_cottage
D:6:      layout_rooms, mainiacjoe_overflow_swirl, serial_shops, shop,
          billiards_dpeg
D:7:      layout_basic, enter_bailey_3, uniq_joseph
D:8:      layout_basic, serial_shops, nicolae_book_shop_shelving, kb_rosetta
D:9:      layout_long_grid, orc_0_dummy
D:10:     layout_roguey [special_room_orc], erik_lair_dragon, serial_shops,
          shop, minmay_misc_feat_columns, uniq_sonja
D:11:     layout_big_octagon, serial_shops, nicolae_stop_n_shop_2, uniq_psyche
D:12:     layout_cave_pools, uniq_gastronok, uniq_fannar, uniq_kirke
D:13:     hellmonk_destroyed_diamonds, layout_long_grid, david_vaults_1,
          serial_co_window_serial, co_window_paths_a, co_window_paths_b,
          co_window_paths_b, co_window_corner_a, co_window_corner_a,
          co_window_of_opportunity_a, co_window_paths_b, co_window_2corner,
          co_window_unsneaky_path_e, co_window_of_opportunity_b,
          co_window_broadway_c, co_window_paths_d,
          gammafunk_ghost_nasty_kobolds, gauntlet_entry_generic, st_stairs_9
Temple:   hellmonk_temple_of_storms
Gauntlet: gammafunk_gauntlet_mixed_choke_point
          [minmay_gauntlet_arena_77_tiled_triplets,
          minmay_gauntlet_arena_77_p_blocks,
          minmay_gauntlet_arena_77_double_cross,
          gammafunk_gauntlet_arena_spirals,
          minmay_gauntlet_arena_77_hold_the_fort,
          minmay_gauntlet_arena_77_braids, minmay_gauntlet_arena_77_cramped,
          gauntlet_exit_green]

Skill      XL: |  1  2  3  4  5  6  7  8  9 10 11 12 13 |
---------------+----------------------------------------+-----
Fighting       | 1 2 3 4 5 |  5.3
Dodging        | 2 3 4 |  4.0
Armour         | 1 2 3 |  3.5
Shields        | 1 2 3 |  3.7
Unarmed Combat | 4 5 6 7 |  7.1
Invocations    | 1 2 3 |  3.8
Shapeshifting  | 4 6 11 14 16 17 | 17.0
Throwing       | 1 2 |  2.8

Action                     |  1- 3 |  4- 6 |  7- 9 | 10-12 | 13-15 || total
---------------------------+-------+-------+-------+-------+-------++-------
  Melee: Unarmed           |    92 |   141 |   251 |   333 |    48 ||   865
         Punch             |     3 |     4 |    12 |       |       ||    19
         Constrict         |       |       |       |    74 |    10 ||    84
  Throw: Dart              |       |       |    11 |       |       ||    11
         Large rock        |       |       |    18 |       |       ||    18
         Throwing net      |       |       |     1 |       |       ||     1
         Boomerang         |       |       |    43 |       |       ||    43
 Invoke: Divine Shield     |       |       |       |     3 |     1 ||     4
Ability: Begin Untransform |     2 |       |     1 |     4 |       ||     7
  Evoke: Wand              |       |       |    23 |    12 |       ||    35
    Use: Scroll            |       |     5 |     6 |     6 |       ||    17
         Potion            |       |       |     2 |     1 |       ||     3
   Stab: Distracted        |     1 |       |       |       |       ||     1
         Held in net/web   |       |       |     1 |       |       ||     1
 Armour: Animal skin       |   101 |   132 |   200 |       |       ||   433
         Skin              |       |       |       |   362 |    75 ||   437
  Dodge: Dodged            |    90 |    79 |   132 |   190 |    16 ||   507
  Block: Other             |       |       |       |     6 |     1 ||     7
   Form: Beast             |     2 |       |     1 |       |       ||     3
         Serpent           |       |       |       |     3 |       ||     3
         Flux              |       |       |       |     1 |       ||     1

Table legend: (Time is in decaauts)
 A = Elapsed time spent in this place.
 B = Non-inter-level travel time spent in this place.
 C = Inter-level travel time spent in this place.
 D = Time resting spent in this place.
 E = Time spent auto-exploring this place.
 F = Levels seen in this place.
 G = Mean time per level.
                   A        B        C        D        E       F      G
               +--------+--------+--------+--------+--------+-----+--------+
         Total |  12682 |  12248 |    434 |   1813 |   6594 |  17 |  746.0 |
       Dungeon |  10815 |  10388 |    427 |   1180 |   6440 |  13 |  831.9 |
        Temple |     14 |      7 |      7 |      0 |      0 |   1 |   14.0 |
         Sewer |    798 |    798 |      0 |    435 |     54 |   1 |  798.0 |
        Bailey |    664 |    664 |      0 |    117 |     72 |   1 |  664.0 |
      Gauntlet |    389 |    389 |      0 |     80 |     28 |   1 |  389.0 |
               +--------+--------+--------+--------+--------+-----+--------+

Top non-repeatable levels by time:
     D:4: 1454 daAuts
     D:5: 1295 daAuts
    D:10: 1084 daAuts
    D:11: 1019 daAuts
     D:3: 863 daAuts
     D:8: 850 daAuts
     D:9: 811 daAuts
   Sewer: 798 daAuts
     D:7: 755 daAuts
     D:1: 720 daAuts
     D:6: 693 daAuts
  Bailey: 664 daAuts
    D:12: 647 daAuts
     D:2: 559 daAuts
Gauntlet: 389 daAuts
